 Dungeon Crawl Stone Soup version 0.31.0-11-ge490571c62 (webtiles) character file.

Game seed: 5204088664797377521

93391 ezpacito the Severer (level 15, 0/119 HPs)
             Began as a Demonspawn Berserker on Feb 8, 2024.
             Was a High Priest of Trog.
             Slain by a manticore (6 damage)
             ... on level 1 of the Shoals.
             The game lasted 00:38:43 (19950 turns).

ezpacito the Severer (Demonspawn Berserker)        Turns: 19950, Time: 00:38:44

Health: 0/119      AC: 37    Str: 21    XL:     15   Next: 32%
Magic:  15/15      EV:  8    Int: 12    God:    Trog [*****.]
Gold:   1364       SH:  0    Dex: 29    Spells: 14/14 levels left

rFire   + + +        f - +3 war axe of Dismay {vamp, rElec rF+ Int+3}
rCold   + + .        U - orb {light}
rNeg    . . .        x - +13 chain mail of Action {*Slow rF++ rC+ Dex+8}
rPois   +            (no helmet)
rElec   +            (cloak unavailable)
rCorr   +            A - +2 pair of gloves
SInv    .            l - +2 pair of boots
Will    +++..        V - amulet of the acrobat
Stlth   +            r - +6 ring of dexterity
HPRegen 1.39/turn    t - +4 ring of protection
MPRegen 0.14/turn

%: slow self (1%), acrobat
@: mighty, silenced, resistant, strong-willed, on berserk cooldown, held,
regenerating, slowed, glowing, very slow
A: slimy green scales 2, demonic guardian 2, condensation shield, weakness
stinger 3
a: Renounce Religion


You were on level 1 of the Shoals.
You worshipped Trog.
Trog was extremely pleased with you.
You visited 5 branches of the dungeon, and saw 23 of its levels.
You also visited: Volcano.

You collected 2053 gold pieces.
You spent 689 gold pieces at shops.

Inventory:

Hand Weapons
 f - the +3 war axe of Dismay (weapon) {vamp, rElec rF+ Int+3}
   (You found it on level 6 of the Dungeon)

   Int+3:     It affects your intelligence (+3).
   rF+:       It protects you from fire.
   rElec:     It insulates you from electricity.
 L - the +6 sling of Valour {flame, rN+ Dex+3}
   (You found it on level 9 of the Dungeon)

   Dex+3:     It affects your dexterity (+3).
   rN+:       It protects you from negative energy.
 T - the +5 war axe of the Ten Knives {antimagic, Dex+2}
   (Trog gifted it to you on level 1 of the Orcish Mines)

   Dex+2:     It affects your dexterity (+2).
 Z - the +1 broad axe of Ethics {heavy, Dex+5}
   (Trog gifted it to you on level 1 of the Shoals)

   Dex+5:     It affects your dexterity (+5).
Missiles
 a - 36 poisoned darts
 d - 3 datura-tipped darts
 o - 10 javelins
 p - a throwing net
 D - 14 boomerangs
 F - 4 darts of dispersal
 H - 6 curare-tipped darts
Armour
 l - a +2 pair of boots (worn)
 x - the +13 chain mail of Action (worn) {*Slow rF++ rC+ Dex+8}
   (You found it on level 7 of the Dungeon)

   Dex+8:     It affects your dexterity (+8).
   rF++:      It greatly protects you from fire.
   rC+:       It protects you from cold.
   *Slow:     It may slow you when you take damage.
 A - a +2 pair of gloves (worn)
 U - an orb of light (worn)
Jewellery
 r - a +6 ring of dexterity (left hand)
 t - a +4 ring of protection (right hand)
 V - an amulet of the acrobat (around neck)
Talismans
 i - a blade talisman
 u - a flux talisman
 B - a serpent talisman
 W - a maw talisman
Wands
 e - a wand of iceblast (10)
 m - a wand of polymorph (20)
 n - a wand of charming (16)
 w - a wand of flame (23)
 C - a wand of digging (9)
 G - a wand of mindburst (11)
 I - a wand of acid (15)
Scrolls
 b - a scroll of enchant weapon
 c - 2 scrolls of immolation
 j - 14 scrolls of teleportation
 N - 4 scrolls of revelation
 Y - 3 scrolls of identify
Potions
 k - 5 potions of lignification
 s - a potion of berserk rage
 z - 8 potions of curing
 K - 2 potions of invisibility
 O - 2 potions of cancellation
 Q - 2 potions of haste
 R - 3 potions of magic
Miscellaneous
 g - a phial of floods
 h - a condenser vane
 q - a box of beasts
 v - a lightning rod (4/4)


   Skills:
 * Level 11.2 Fighting
 * Level 16.4 Axes
 * Level 8.4 Armour
 * Level 8.2 Dodging
 * Level 7.7 Stealth
 * Level 3.5 Shields
 * Level 7.3 Unarmed Combat
 * Level 8.4 Evocations
 * Level 6.7 Shapeshifting


You had 14 spell levels left.
You didn't know any spells.
Your spell library contained the following spells:

 Spells                   Type           Power      Damage    Failure   Level
 Shock                    Conj/Air       0%         1d3       88%         1
 Cigotuvi's Dreadful Rot  Necr/Alch/Air  0%         N/A       95%         2
 Ensorcelled Hibernation  Hex/Ice        0%         N/A       95%         2
 Mercury Vapours          Alch/Air       0%         N/A       95%         2
 Sublimation of Blood     Necr           0%         N/A       95%         2
 Hailstorm                Conj/Ice       0%         3d5       99%         3
 Inner Flame              Hex/Fire       0%         N/A       99%         3
 Passwall                 Erth           0%         N/A       99%         3
 Summon Ice Beast         Ice/Summ       0%         N/A       99%         3
 Swiftness                Air            0%         N/A       99%         3
 Volatile Blastmotes      Fire/Tloc      0%         2d10      99%         3
 Airstrike                Air            0%         2d(0-16)  100%        4
 Animate Dead             Necr           0%         N/A       100%        4
 Fulminant Prism          Conj/Alch      0%         3d5       100%        4
 Ignite Poison            Fire/Alch      0%         N/A       100%        4
 Iskenderun's Mystic Bla  Conj/Tloc      0%         2d3       100%        4
 Olgreb's Toxic Radiance  Alch           0%         N/A       100%        4
 Petrify                  Alch/Erth      0%         N/A       100%        4
 Sticky Flame             Fire/Alch      0%         2d4       100%        4
 Vhi's Electric Charge    Tloc/Air       0%         N/A       100%        4
 Arcjolt                  Conj/Air       0%         1d10      100%        5
 Borgnjor's Vile Clutch   Necr/Erth      0%         N/A       100%        5
 Freezing Cloud           Conj/Ice/Air   0%         6-21      100%        5
 Irradiate                Conj/Alch      0%         3d11      100%        5
 Summon Forest            Summ/Tloc      0%         N/A       100%        5
 Summon Mana Viper        Hex/Summ       0%         N/A       100%        5
 Death Channel            Necr           0%         N/A       100%        6
 Sculpt Simulacrum        Ice/Alch       0%         N/A       100%        6
 Summon Cactus Giant      Summ           0%         N/A       100%        6
 Ignition                 Fire           0%         3d3       100%        8
 Maxwell's Capacitive Co  Air            0%         ∞         100%        8


Dungeon Overview and Level Annotations

Branches:
Dungeon (14/15)            Temple (1/1) D:6            Lair (5/5) D:9
 Shoals (1/4) Lair:2        Snake (0/4) Lair:3        Slime (0/5) Lair:5
    Orc (2/2) D:10            Elf (0/3) Orc:2        Vaults (0/5) D:13
Volcano (visited)

Altars:
Ashenzari
Cheibriados
Dithmenos
Fedhas
Gozag
Hepliaklqana
Kikubaaqudgha
Makhleb
Nemelex Xobeh
Okawaru
Qazlal
Ru
Sif Muna
Trog
Uskayaw
Vehumet
Wu Jian
Xom
Yredelemnul
Jiyva

Shops:
D:5 *   D:8 [   Orc:2 ![:(


Innate Abilities, Weirdness & Mutations

You are mostly covered in slimy green scales. (AC +3)
A demonic guardian rushes to your aid.
A meltable shield of frost defends you. (SH +4)
You have a sharp stinger which inflicts weakening toxins.


Message History

The manticore barely misses you.
The manticore claws you but does no damage.
The merfolk barely misses you.
Okay, then.
You don't currently have any unidentified items.
The air fills with toxic fumes!
As you read the scroll of poison, it crumbles to dust.
The merfolk hits you but does no damage.
The manticore bites you but does no damage.
The manticore closely misses you.
The manticore claws you but does no damage.
The merfolk hits you from afar with a +0 trident.
* * * LOW HITPOINT WARNING * * *
A demonic guardian appears!
The merfolk hits you but does no damage.
The manticore completely misses you.
The manticore claws you but does no damage. x2
The merfolk hits you but does no damage.
As you read the scroll of silence, it crumbles to dust.
A profound silence engulfs you.
The merfolk hits you but does no damage.
The manticore bites you.
* * * LOW HITPOINT WARNING * * *
The manticore claws you but does no damage.
The manticore barely misses you.
The merfolk hits you but does no damage.
You feel very mighty all of a sudden.
The merfolk hits you but does no damage.
The merfolk hits you from afar with a +0 trident!
* * * LOW HITPOINT WARNING * * *
The manticore bites you but does no damage.
The manticore closely misses you.
The manticore claws you but does no damage.
Your sun demon hits the merfolk!
The merfolk is engulfed in flames!
The merfolk dies!
Trog accepts your kill. The merfolk closely misses you.
The manticore bites you but does no damage.
The manticore claws you.
You die...

≈≈≈≈≈≈≈≈≈≈≈≈≈≈≈≈~~~~≈≈≈
≈≈≈≈≈≈≈≈≈§§§§§§§§§§§§§§§
≈≈≈≈≈≈≈≈≈§§§§§§§§§§§§§§§
≈≈≈≈≈≈~~~§§§§§§§§§§§§§§§
≈≈≈≈≈~~~~§§§§§§§§§§§§§§§
≈≈≈≈≈~~..§§§§§§§§§§§§§§§
≈≈≈≈≈~...§§§§§§§§§§§§§§§
≈≈≈≈≈...###§§§§§§§m§§§§§
≈≈≈≈≈~..# #####§@3)§§§§§
≈≈≈≈~~..#### ##H§§§§§§§
≈≈≈≈~?.....# #§§§§§§§§
~~~~~......## #§§§§§§§§
~~~~~~......# ##§§§§§§§
~...~~~~~~.## §§§§§§§
~......~~~.#####.§§§§§§§
~......~~~~.....~§§§§§§§
.....>..~~~~..~~~~


You could see a merfolk, a manticore (unsilenced) and a friendly sun demon
(summoned).

Vanquished Creatures
  An ettin (Orc:1)
  A fire dragon (D:14)
  Fannar (Lair:2)
  Erolcha (Orc:2)
  2 hydras
  4 centaur warriors
  A merfolk aquamancer (Shoals:1)
  A boulder beetle (D:14)
  5 two-headed ogres
  Erica (Orc:1)
  The ghost of LoggersVIII the Covert, a novice OpEE of Jiyva (Lair:1)
  6 death yaks (Lair:2)
  A skyshark (Shoals:1)
  8 skeletal warriors (D:12)
  Pikel (D:9)
  A deep elf pyromancer (D:12)
  8 cyclopes
  2 lindwurms (Volcano)
  An oklob plant (Lair:5)
  3 orc sorcerers (Orc:2)
  3 ugly things
  4 manticores
  3 meliai (D:13)
  A toenail golem (Volcano)
  6 elephants (Lair:1)
  4 molten gargoyles (Volcano)
  An elephant (shapeshifter) (D:13)
  3 black mambas
  Maurice (D:12)
  The ghost of FoolsGold the Geomancer, a novice GrEE (D:5)
  6 cane toads
  2 efreet (Volcano)
  8 komodo dragons
  7 rime drakes
  4 unseen horrors
  5 merfolk (Shoals:1)
  9 polar bears
  9 trolls
  4 blink frogs (Lair:5)
  4 hornets
  A snapping turtle (Shoals:1)
  7 dream sheep
  2 slime creatures
  A centaur simulacrum (D:14)
  A shadow (D:7)
  A spriggan (shapeshifter) (D:14)
  47 yaks
  2 vampires
  13 spriggans (Lair:5)
  6 basilisks
  A water elemental (Shoals:1)
  2 wyverns
  5 steam dragons
  2 fire elementals (Volcano)
  2 fire bats (Lair:5)
  3 wargs
  8 vampire mosquitoes
  Menkaure (D:4)
  3 acid dragons
  3 nagas (Lair:3)
  9 water moccasins
  4 ice beasts
  11 orc warriors
  4 sky beasts
  A sky beast (shapeshifter) (D:13)
  8 ogres
  11 black bears
  An ogre (shapeshifter) (D:13)
  31 wolves
  11 centaurs
  5 boggarts (Lair:5)
  A lemure (D:9)
  2 kobold brigands
  18 bullfrogs
  A bullfrog (shapeshifter) (D:14)
  2 gnoll sergeants
  Blork the orc (D:4)
  5 scorpions
  An earth elemental (Volcano)
  5 wights
  4 killer bees
  5 howler monkeys
  A lava snake (Lair:5)
  A bombardier beetle (D:7)
  6 jellies
  14 orc priests
  5 hounds
  Crazy Yiuf (D:4)
  Ijyb (D:4)
  A sleepcap (D:6)
  5 iguanas
  32 orc wizards
  17 gnolls
  5 adders
  2 shadow imps
  An ufetubus (D:7)
  4 dart slugs
  A ribbon worm (D:4)
  51 orcs
  An endoplasm (D:3)
  3 giant cockroaches
  5 goblins
  9 hobgoblins
  3 ball pythons
  3 bats
  4 frilled lizards
  12 kobolds
  4 rats
579 creatures vanquished.

Vanquished Creatures (collateral kills)
  2 ogre magi (Orc:2)
  A skyshark (Shoals:1)
  A sea snake (Shoals:1)
  4 orc sorcerers (Orc:2)
  An oklob plant (Lair:5)
  A cyclops (Shoals:1)
  A merfolk (Shoals:1)
  4 dream sheep
  A spriggan (Lair:5)
  2 water elementals (Shoals:1)
  2 centaurs (D:13)
  3 ogres (Orc:2)
  7 orc wizards (Orc:2)
  An orc (Orc:2)
31 creatures vanquished.

Vanquished Creatures (others)
  2 orcs
2 creatures vanquished.

Grand Total: 612 creatures vanquished

Notes
Turn   | Place    | Note
-------+----------+-------------------------------------------
     0 | D:1      | ezpacito the Demonspawn Berserker began the quest for the
                  | Orb.
     0 | D:1      | Reached XP level 1. HP: 18/18 MP: 1/1
   151 | D:1      | Gained mutation: You are partially covered in slimy green
                  | scales. (AC +2) [demonic ancestry]
   151 | D:1      | Reached XP level 2. HP: 24/24 MP: 2/2
   375 | D:1      | Reached skill level 3 in Axes
   956 | D:2      | Reached XP level 3. HP: 28/29 MP: 3/3
  1058 | D:2      | Reached ** piety under Trog
  1590 | D:3      | Gained mutation: A meltable shield of frost defends you.
                  | (SH +4) [demonic ancestry]
  1590 | D:3      | Reached XP level 4. HP: 9/35 MP: 4/4
  1881 | D:3      | You fall into a shaft and drop 3 floors!
  1932 | D:6      | Reached skill level 1 in Stealth
  1932 | D:6      | Reached skill level 1 in Unarmed Combat
  1958 | D:5      | Entered Level 5 of the Dungeon
  2020 | D:5      | Noticed a scorpion
  2020 | D:5      | Noticed a scorpion
  2020 | D:5      | Noticed a centaur
  2030 | D:5      | Killed a scorpion
  2031 | D:5      | Reached skill level 4 in Axes
  2031 | D:5      | Gained mutation: You have a small tail. [demonic ancestry]
  2031 | D:5      | Reached XP level 5. HP: 41/41 MP: 5/5
  2035 | D:5      | Reached skill level 1 in Shapeshifting
  2067 | D:5      | Killed a centaur
  2068 | D:5      | Gained mutation: You have a tail ending in a sharp stinger.
                  | [demonic ancestry]
  2068 | D:5      | Reached XP level 6. HP: 38/48 MP: 6/6
  2137 | D:6      | Identified the +3 war axe of Dismay {vamp, rElec rF+ Int+3}
  2254 | D:5      | Found a large runed translucent door.
  2254 | D:5      | Found a large runed translucent door.
  2258 | D:5      | Noticed FoolsGold's ghost (novice GrEE)
  2299 | D:4      | Noticed Menkaure
  2304 | D:4      | Killed Menkaure
  2305 | D:4      | Reached skill level 5 in Axes
  2305 | D:4      | Gained mutation: A weak demonic guardian rushes to your
                  | aid. [demonic ancestry]
  2305 | D:4      | Reached XP level 7. HP: 42/54 MP: 7/7
  3260 | D:4      | Noticed Ijyb
  3271 | D:4      | Killed Ijyb
  3348 | D:4      | Found a runed translucent door.
  3371 | D:4      | Noticed Crazy Yiuf
  3501 | D:4      | Noticed Blork the orc
  3507 | D:4      | Killed Blork the orc
  3526 | D:4      | Reached skill level 1 in Evocations
  3851 | D:4      | Killed Crazy Yiuf
  3854 | D:4      | Identified the +5 hammer of the Riding Gods {freeze, rC+}
  3927 | D:5      | Identified a scroll of acquirement
  3927 | D:5      | Acquired a manual of Axes
  3965 | D:5      | Reached XP level 8. HP: 60/60 MP: 8/8
  3986 | D:5      | Reached skill level 6 in Axes
  4061 | D:5      | Found a stormy altar of Qazlal.
  4063 | D:5      | Noticed an air elemental
  4164 | D:5      | Found Zasept's Serpentskin Sales.
  4181 | D:5      | Bought 4 poisoned darts for 24 gold pieces
  4181 | D:5      | Bought 4 poisoned darts for 24 gold pieces
  4181 | D:5      | Bought 5 poisoned darts for 30 gold pieces
  4181 | D:5      | Bought Sif Muna's Elucidation of the Alembic for 260 gold
                  | pieces
  4284 | D:5      | Killed FoolsGold's ghost
  4285 | D:5      | Reached skill level 7 in Axes
  4413 | D:6      | Found a shadowy altar of Dithmenos.
  4423 | D:6      | Reached *** piety under Trog
  4556 | D:6      | Found a staircase to the Ecumenical Temple.
  4577 | D:6      | Noticed a hornet
  4588 | D:6      | Killed a hornet
  4599 | Temple   | Entered the Ecumenical Temple
  4783 | D:6      | Found the +7 staff of the Meek {protect, meekguard}
  5027 | D:6      | Reached XP level 9. HP: 67/67 MP: 9/9
  5113 | D:6      | Reached skill level 8 in Axes
  5439 | D:6      | Found a hazy altar of Hepliaklqana.
  5622 | D:7      | Reached skill level 5 in Fighting
  5673 | D:7      | Found an iron altar of Okawaru.
  5677 | D:7      | Found a blossoming altar of Fedhas.
  5696 | D:7      | Noticed a brown ugly thing
  5696 | D:7      | Noticed a manticore
  5696 | D:7      | Noticed a troll
  5862 | D:7      | Found a snail-covered altar of Cheibriados.
  5863 | D:7      | Found a shimmering altar of Xom.
  5863 | D:7      | Noticed a troll
  5869 | D:7      | Killed a troll
  5870 | D:7      | Reached skill level 9 in Axes
  5872 | D:7      | Killed a troll
  5879 | D:7      | Reached skill level 5 in Dodging
  5917 | D:7      | Killed a manticore
  5918 | D:7      | Reached skill level 10 in Axes
  5918 | D:7      | Gained mutation: You have a sharp stinger which inflicts
                  | weakening toxins. [demonic ancestry]
  5918 | D:7      | Reached XP level 10. HP: 66/74 MP: 10/10
  5944 | D:7      | Killed a brown ugly thing
  5945 | D:7      | Reached skill level 1 in Shields
  5957 | D:7      | Reached **** piety under Trog
  5973 | D:7      | Identified the +13 chain mail of Action {*Slow rF++ rC+
                  | Dex+8}
  6244 | D:7      | Noticed a manticore
  6253 | D:7      | Killed a manticore
  6262 | D:7      | Found a stormy altar of Qazlal.
  6305 | D:7      | Found an ornate altar of the Wu Jian Council.
  6308 | D:7      | Found a hide-covered altar of Uskayaw.
  6456 | D:7      | Reached skill level 11 in Axes
  7534 | D:8      | Found a sacrificial altar of Ru.
  7949 | D:8      | Found Winkelried's Dragon-Slaying Spoils.
  8042 | D:9      | Noticed Pikel
  8049 | D:9      | Killed Pikel
  8050 | D:9      | Reached XP level 11. HP: 82/82 MP: 11/11
  8057 | D:9      | Reached skill level 5 in Evocations
  8159 | D:9      | Found a radiant altar of Vehumet.
  8252 | D:9      | Reached skill level 12 in Axes
  8461 | D:9      | Found a staircase to the Lair.
  8509 | D:9      | Identified the +6 sling of Valour {flame, rN+ Dex+3}
  8552 | D:9      | Reached ***** piety under Trog
  8736 | D:9      | Found a sparkling altar of Nemelex Xobeh.
  8736 | D:9      | Found a shimmering blue altar of Sif Muna.
  8849 | D:10     | Entered Level 10 of the Dungeon
  9086 | D:10     | Noticed a two-headed ogre
  9095 | D:10     | Killed a two-headed ogre
  9096 | D:10     | Reached skill level 5 in Armour
  9338 | D:10     | Found a staircase to the Orcish Mines.
  9876 | D:11     | Noticed a two-headed ogre
  9883 | D:11     | Killed a two-headed ogre
 10055 | D:11     | Reached skill level 5 in Stealth
 10057 | D:11     | Reached skill level 13 in Axes
 10425 | Lair:1   | Entered Level 1 of the Lair of Beasts
 10442 | Lair:1   | Reached skill level 5 in Unarmed Combat
 10463 | Lair:1   | Reached XP level 12. HP: 91/91 MP: 12/12
 10668 | Lair:1   | Found a runed translucent door.
 10669 | Lair:1   | Noticed LoggersVIII's ghost (novice OpEE)
 11168 | D:12     | Reached skill level 14 in Axes
 11343 | D:12     | Reached skill level 5 in Shapeshifting
 11539 | D:12     | Found a viscous altar of Jiyva.
 11539 | D:12     | Noticed Maurice
 11561 | D:12     | Killed Maurice
 12174 | D:13     | Reached XP level 13. HP: 99/99 MP: 13/13
 12270 | D:13     | Found a gate to the Vaults.
 12617 | D:13     | Found a shimmering blue altar of Sif Muna.
 13133 | D:14     | Noticed a fire dragon
 13134 | D:14     | Noticed a sphinx
 13144 | D:14     | Killed a fire dragon
 13160 | D:14     | Noticed a stone giant
 13840 | Lair:1   | Killed LoggersVIII's ghost
 13846 | Lair:1   | Reached skill level 15 in Axes
 13986 | Lair:2   | Found a staircase to the Shoals.
 14015 | Lair:2   | Found a dark tunnel.
 14030 | Volcano  | Entered a volcano
 14586 | Lair:2   | Noticed Fannar
 14604 | Lair:2   | Killed Fannar
 14605 | Lair:2   | Gained mutation: A demonic guardian rushes to your aid.
                  | [demonic ancestry]
 14605 | Lair:2   | Reached XP level 14. HP: 96/108 MP: 14/14
 14667 | Lair:2   | Found a burning altar of Makhleb.
 15553 | Lair:3   | Found a staircase to the Snake Pit.
 15835 | Lair:3   | Received a gift from Trog
 16063 | Lair:4   | Reached skill level 10 in Fighting
 16638 | Lair:5   | Entered Level 5 of the Lair of Beasts
 16891 | Lair:5   | Received a gift from Trog
 16992 | Lair:5   | Reached skill level 16 in Axes
 17026 | Lair:5   | Got an earthy gem with 525 turns to spare
 17278 | Lair:5   | Found a viscous altar of Jiyva.
 17281 | Lair:5   | Found a staircase to the Slime Pits.
 17906 | Orc:1    | Entered Level 1 of the Orcish Mines
 18002 | Orc:1    | Reached ****** piety under Trog
 18304 | Orc:1    | Identified the +5 war axe of the Ten Knives {antimagic,
                  | Dex+2} (Trog gifted it to you on level 1 of the Orcish
                  | Mines)
 18304 | Orc:1    | Received a gift from Trog
 18325 | Orc:1    | Noticed Erica
 18337 | Orc:1    | Killed Erica
 18644 | Orc:2    | Entered Level 2 of the Orcish Mines
 18670 | Orc:2    | Gained mutation: You are mostly covered in slimy green
                  | scales. (AC +3) [demonic ancestry]
 18670 | Orc:2    | Reached XP level 15. HP: 117/117 MP: 15/15
 18845 | Orc:2    | Found a staircase to the Elven Halls.
 19019 | Orc:2    | Found Neoghuhi's Antique Armour Emporium.
 19087 | Orc:2    | Found a radiant altar of Vehumet.
 19087 | Orc:2    | Noticed Erolcha
 19108 | Orc:2    | Killed Erolcha
 19168 | Orc:2    | Found an ancient bone altar of Kikubaaqudgha.
 19202 | Orc:2    | Found Bofu's Distillery.
 19219 | Orc:2    | Found Nephe Les's Book Shoppe.
 19222 | Orc:2    | Bought a potion of curing for 39 gold pieces
 19222 | Orc:2    | Bought a potion of curing for 39 gold pieces
 19222 | Orc:2    | Bought a potion of heal wounds for 65 gold pieces
 19222 | Orc:2    | Bought a potion of curing for 39 gold pieces
 19222 | Orc:2    | Bought a potion of curing for 39 gold pieces
 19222 | Orc:2    | Bought a potion of haste for 130 gold pieces
 19228 | Orc:2    | Found Hefut's Antique Weapon Emporium.
 19644 | Shoals:1 | Entered Level 1 of the Shoals
 19667 | Shoals:1 | Identified the +1 broad axe of Ethics {heavy, Dex+5} (Trog
                  | gifted it to you on level 1 of the Shoals)
 19667 | Shoals:1 | Received a gift from Trog
 19950 | Shoals:1 | Slain by a manticore

Illustrated notes

Levels and vault maps discovered:
D:1:      onia_arrival_mini_maze, layout_basic
D:2:      layout_rooms, corexii_leaking_fountain, chequers_serial_rivers_room_b
D:3:      layout_loops_cross
D:4:      layout_loops_corners, uniq_ijyb, uniq_menkaure, uniq_blork_the_orc,
          uniq_crazy_yiuf_cottage
D:5:      layout_cave_pools, nicolae_qazlal_style_of_elements,
          serial_column_ruins, column_ruins_corridor_dead_end,
          column_ruins_open_small, column_ruins_grid_1, column_ruins_open_large,
          column_ruins_columns_corner, column_ruins_grid_1,
          ebering_ghost_disaster_area, guppyfry_shop_venom
D:6:      layout_layer_cave, nicolae_dithmenos_through_a_glass_darkly,
          nicolae_hepliaklqana_hippocampus, minmay_temple_entry_large_hall,
          chequers_serial_rivers_micro_d
D:7:      minmay_the_grid_octo_tiled_squarecenter [minmay_the_grid_octo_horde,
          minmay_the_grid_octo_concentric, minmay_the_grid_octo_shrine,
          minmay_the_grid_octo_vomiting_pacman,
          minmay_the_grid_square_5x5_megaprize_open,
          minmay_the_grid_square_5x5_minivault,
          minmay_the_grid_square_5x5_almost_minimal,
          minmay_the_grid_square_5x5_inner_z, minmay_the_grid_square_5x5_n],
          layout_loops_ring, chequers_temple_overflow_statue_of_worship,
          amcnicky_mini_pool_medium
D:8:      layout_loops_ring, amcnicky_altar_gilded, nicolae_shop_dragon_depot
D:9:      layout_basic, vehumet_crystals, gammafunk_temple_overflow_elements,
          hellmonk_lair_entry_icy, uniq_pikel
D:10:     layout_cave_pods, orc_0_dummy
D:11:     layout_roguey
D:12:     layout_grid_maze, jiyva_altar_1, uniq_maurice
D:13:     layout_loops_cross, david_vaults_2, tgw_sif
D:14:     minmay_guarded_unrand_guard, layout_cave_pools,
          nicolae_figureground_sparkle, uniq_louise
Temple:   nicolae_temple_slightly_damp_pantheon
Lair:1:   layout_misc_corridors, ebering_ghost_inner_flame, serial_bayou_shore_b
Lair:2:   beast_lair_carwin_large_3, layout_misc_corridors,
          elwin_shoals_entry_rocks, nicolae_volcano_entry_hallway, basic_altar,
          uniq_fannar
Lair:3:   layout_hall_layers, nicolae_snake_entry_squirm
Lair:4:   layout_cave_shapes, minmay_lair_drake_nest, lemuel_fruit_fields
Lair:5:   minmay_lair_end_enchanted_forest, layout_gridlike,
          minmay_slime_entry_oklob_enclosed
Shoals:1: layout_shoals
Orc:1:    layout_diamond_mine, uniq_erica
Orc:2:    kennysheep_orc_mage_school, layout_caves, special_room

Skill      XL: |  1  2  3  4  5  6  7  8  9 10 11 12 13 14 15 |
---------------+----------------------------------------------+-----
Axes           | 3 4 5 7 10 11 13 14 15 16 | 16.4
Dodging        | 2 3 5 6 7 8 |  8.2
Armour         | 2 3 4 5 6 7 8 |  8.4
Stealth        | 1 2 3 4 5 6 7 |  7.7
Unarmed Combat | 1 2 4 5 6 7 |  7.3
Shapeshifting  | 1 2 3 4 5 6 |  6.7
Fighting       | 4 5 6 7 8 9 10 11 | 11.2
Evocations     | 1 2 3 4 6 7 8 |  8.4
Shields        | 1 3 |  3.5

Action                     |  1- 3 |  4- 6 |  7- 9 | 10-12 | 13-15 || total
---------------------------+-------+-------+-------+-------+-------++-------
  Melee: Hand axe          |    82 |    38 |       |       |       ||   120
         Punch             |     1 |       |     5 |    10 |       ||    16
         Tailslap          |       |     4 |    43 |   133 |   269 ||   449
         War axe           |       |    13 |   260 |   544 |  1041 ||  1858
         Scimitar          |       |       |       |       |     2 ||     2
   Fire: Sling             |       |       |       |       |     8 ||     8
  Throw: Stone             |       |       |       |     1 |       ||     1
 Invoke: Berserk           |     1 |     2 |     3 |    10 |     8 ||    24
         Trog's Hand       |     1 |     1 |     1 |     5 |     7 ||    15
         Brothers in Arms  |       |       |       |       |     4 ||     4
  Evoke: Wand              |       |       |       |       |     9 ||     9
    Use: Potion            |     1 |       |     6 |     6 |    11 ||    24
         Scroll            |       |     7 |     5 |     9 |    20 ||    41
   Stab: Sleeping          |     3 |     1 |     5 |       |     1 ||    10
         Distracted        |       |       |     2 |     4 |     4 ||    10
 Armour: Animal skin       |    13 |       |       |       |       ||    13
         Leather armour    |    31 |    12 |   182 |       |       ||   225
         Plate armour      |       |    45 |    11 |       |       ||    56
         Gold dragon scale |       |       |    13 |    28 |       ||    41
         Chain mail        |       |       |       |   479 |  1001 ||  1480
  Dodge: Dodged            |    54 |    27 |   190 |   294 |   800 ||  1365
  Block: Other             |       |     9 |    35 |    57 |       ||   101
